 Dungeon Sprint DCSS version 0.31-a0-588-g14bffd4ff3 (webtiles) character file.

Game seed: 16728930416974262329

1668 Conn the Arsonist (level 9, -9/51 HPs)
             Began as an Octopode Fire Elementalist on Aug 19, 2023.
             Was a Follower of Sif Muna.
             Shot with an arrow by a centaur warrior (18 damage)
             ... in the Dungeon (Sprint I: "Red Sonja").
             The game lasted 00:06:35 (692 turns).

Conn the Arsonist (Octopode Fire Elementalist)       Turns: 692, Time: 00:06:36

Health: -9/51      AC:  1    Str:  7    XL:     9   Next: 1%
Magic:  16/23      EV: 15    Int: 21    God:    Sif Muna [*.....]
Gold:   604        SH:  0    Dex: 13    Spells: 19/29 levels left

rFire   + . .        g - +0 dagger
rCold   x . .        (no shield)
rNeg    . . .        (helmet restricted)
rPois   .            (no amulet)
rElec   .            i - ring of fire
rCorr   .            (no ring)
SInv    .            (no ring)
Will    .....        (no ring)
Stlth   ++++         (no ring)
HPRegen 0.28/turn    (no ring)
MPRegen 0.18/turn    (no ring)
                     (no ring)

%: no teleportation
@: no status effects
A: almost no armour, amphibious, 8 rings, camouflage 1, gelatinous body 1,
(nimble swimmer 1), tentacles
a: Renounce Religion, Channel Magic


You were in the Dungeon.
You worshipped Sif Muna.
Sif Muna was aware of your devotion.
You visited 1 branch You collected 854 gold pieces.
You spent 250 gold pieces at shops.

Inventory:

Hand Weapons
 g - a +0 dagger (weapon)
Missiles
 j - a curare-tipped dart (quivered)
Jewellery
 i - a ring of fire (left tentacle)
Wands
 e - a wand of acid (6)
Scrolls
 f - a scroll of blinking
 h - a scroll of enchant weapon {unknown}
Potions
 a - 2 potions of magic
 b - 3 potions of curing
 c - a potion of heal wounds
 d - a potion of haste
 k - a potion of might {unknown}


   Skills:
 + Level 0.6 Throwing
 + Level 5.4 Dodging
 - Level 7.1 Stealth
 - Level 1.5 Unarmed Combat
 * Level 10.8 Spellcasting
 * Level 4.2 Conjurations
 + Level 3.1 Hexes
 + Level 13.3 Fire Magic


You had 19 spell levels left.
You knew the following spells:

 Your Spells              Type           Power      Damage    Failure   Level
a - Foxfire               Conj/Fire      100%       2x1d9     1%          1
b - Scorch                Fire           100%       2d9       1%          2
c - Inner Flame           Hex/Fire       62%        N/A       1%          3
d - Flame Wave            Conj/Fire      64%        2d15      1%          4

Your spell library contained the following spells:

 Spells                   Type           Power      Damage    Failure   Level
 Volatile Blastmotes      Fire/Tloc      100%       2d18      1%          3


Dungeon Overview and Level Annotations

Branches:
Dungeon (1/1)

Altars:
Cheibriados
Dithmenos
Elyvilon
Fedhas
Gozag
Hepliaklqana
Kikubaaqudgha
Makhleb
Nemelex Xobeh
Okawaru
Qazlal
Ru
Sif Muna
Trog
Uskayaw
Vehumet
Wu Jian
Xom
Yredelemnul
Zin
The Shining One
Jiyva
Lugonu

Shops:
D ==[


Innate Abilities, Weirdness & Mutations

You cannot wear most types of armour.
You are amphibious.
You can wear up to eight rings at the same time.
Your skin changes colour to match your surroundings (Stealth+).
Your rubbery body absorbs attacks. (AC +1, EV +1)
((You are camouflaged when in or above water. (Stealth+)))
You have tentacles for arms and can constrict up to eight enemies at once.


Message History

Aim: a centaur warrior, wielding a +0 orcbow (steam, heavily wounded, very poisoned, slow, more vulnerable to fire, 79% to hit)
Okay, then.
Unknown command.
Okay, then.
Casting: Scorch (safe; 1% risk of failure)
Confirm with . or Enter, or press ? or * to list all spells.
Aiming: Inner Flame (safe; 1% risk of failure)
Press: ? - help, Dir - move target, f/p - centaur warrior
Aim: a centaur warrior, wielding a +0 orcbow (steam, heavily wounded, very poisoned, slow, more vulnerable to fire, chance to affect: 88%)
You feel a surge of power!
The centaur warrior is filled with an inner flame.
Unknown command.
Aiming: Corrosive Bolt
Press: ? - help, Shift-Dir - straight line, f/p - centaur warrior
Aim: a centaur warrior, wielding a +0 orcbow (steam, heavily wounded, inner flame, very poisoned, slow, more vulnerable to fire, 79% to hit)
The bolt of acid hits the centaur warrior!
The acid corrodes the centaur warrior!
Flame seeps out of the centaur warrior.
The centaur warrior is severely wounded.
The centaur warrior is engulfed in a cloud of scalding steam.
Flame seeps out of the centaur warrior.
The centaur warrior shoots an arrow.
The arrow hits you!!
Ouch! That really hurt!
* * * LOW HITPOINT WARNING * * *
The centaur warrior wields a +0 orcbow.
The centaur warrior shoots an arrow.
The arrow closely misses you.
Casting: Inner Flame (safe; 1% risk of failure)
Confirm with . or Enter, or press ? or * to list all spells.
You feel a surge of power!
Flames lash the centaur warrior.
The centaur warrior is burned terribly!
Flame seeps out of the centaur warrior.
The centaur warrior is almost dead.
Flame seeps out of the centaur warrior.
The centaur warrior is engulfed in a cloud of scalding steam.
Sif Muna accepts your kill.
You hear a splash.
The centaur warrior explodes!
The fiery explosion engulfs the centaur warrior!!
The centaur warrior is heavily wounded.
The centaur warrior is engulfed in a cloud of scalding steam.
The centaur warrior shoots an arrow.
The arrow hits you!!
You die...

#<.#..'..#..'..#__#..+
#.['..#..').#..'..'..#
#..#####'#####'#__####
#..####..#...#.####?!#
#..#__####..##(# §§§§#
#).#_____##'#_.+ ~~.§+
#⌠⌠#_.∩...'..._# c§§
####_..__##_.#'##§###
#_____###'#.#@[.(###
############)####'###.##
#∩........'..†'.....')∩#
###++++####...##########
###.### #.#'#.# #.....#
#..)).# #######


You could see a centaur warrior.

Vanquished Creatures
  A centaur warrior (D)
  Sonja (D)
  A deep troll (D)
  A slime creature (D)
  Sigmund (D)
  A yak (D)
  An ogre (D)
  A jelly (D)
  Ijyb (D)
  2 ballistomycete spores (D)
11 creatures vanquished.

Vanquished Creatures (others)
  14 foxfires (D)
14 creatures vanquished.

Grand Total: 25 creatures vanquished

Notes
Turn   | Place    | Note
-------+----------+-------------------------------------------
     0 | D        | Conn the Octopode Fire Elementalist began the quest for the
                  | Orb.
     0 | D        | Reached XP level 1. HP: 11/11 MP: 3/3
     1 | D        | Noticed Ijyb
    13 | D        | Killed Ijyb
    14 | D        | Reached skill level 5 in Fire Magic
    14 | D        | Reached XP level 2. HP: 17/17 MP: 0/6
    14 | D        | Reached XP level 3. HP: 21/21 MP: 0/7
    77 | D        | Learned a level 2 spell: Scorch
    81 | D        | Learned a level 3 spell: Inner Flame
    81 | D        | Noticed an ogre
    95 | D        | Killed an ogre
    96 | D        | Reached skill level 7 in Fire Magic
    96 | D        | Reached XP level 4. HP: 27/27 MP: 0/10
   193 | D        | Learned a level 4 spell: Flame Wave
   197 | D        | Noticed Sigmund
   201 | D        | Killed Sigmund
   202 | D        | Reached skill level 5 in Stealth
   202 | D        | Reached skill level 1 in Unarmed Combat
   202 | D        | Reached skill level 1 in Hexes
   202 | D        | Reached skill level 9 in Fire Magic
   202 | D        | Reached XP level 5. HP: 31/31 MP: 4/13
   202 | D        | Reached XP level 6. HP: 36/36 MP: 4/15
   292 | D        | Found a shimmering blue altar of Sif Muna.
   293 | D        | Found an ornate altar of the Wu Jian Council.
   294 | D        | Found a radiant altar of Vehumet.
   308 | D        | Became a worshipper of Sif Muna the Loreminder
   325 | D        | Found Seach's Jewellery Emporium.
   325 | D        | Found an ancient bone altar of Kikubaaqudgha.
   325 | D        | Found a hazy altar of Hepliaklqana.
   325 | D        | Found a stormy altar of Qazlal.
   325 | D        | Found a hide-covered altar of Uskayaw.
   325 | D        | Found a blossoming altar of Fedhas.
   325 | D        | Found a bloodstained altar of Trog.
   325 | D        | Found an iron altar of Okawaru.
   325 | D        | Found a basalt altar of Yredelemnul.
   325 | D        | Found a glowing golden altar of the Shining One.
   325 | D        | Found a snail-covered altar of Cheibriados.
   325 | D        | Found a sacrificial altar of Ru.
   325 | D        | Found a glowing silver altar of Zin.
   325 | D        | Found a shadowy altar of Dithmenos.
   325 | D        | Found a white marble altar of Elyvilon.
   325 | D        | Noticed a yak
   332 | D        | Killed a yak
   333 | D        | Reached skill level 10 in Fire Magic
   333 | D        | Reached XP level 7. HP: 36/41 MP: 2/17
   334 | D        | Found an opulent altar of Gozag.
   335 | D        | Found a sparkling altar of Nemelex Xobeh.
   432 | D        | Bought a ring of fire for 250 gold pieces
   446 | D        | Found a burning altar of Makhleb.
   446 | D        | Found a viscous altar of Jiyva.
   446 | D        | Found a shimmering altar of Xom.
   446 | D        | Found a corrupted altar of Lugonu.
   446 | D        | Noticed a slime creature
   452 | D        | Killed a slime creature
   453 | D        | Reached skill level 5 in Dodging
   453 | D        | Reached skill level 11 in Fire Magic
   529 | D        | Noticed Sonja
   532 | D        | Killed Sonja
   532 | D        | Reached * piety under Sif Muna
   533 | D        | Reached skill level 12 in Fire Magic
   533 | D        | Reached XP level 8. HP: 46/46 MP: 12/21
   559 | D        | Found Awaawiug's Jewellery Boutique.
   579 | D        | Noticed a deep troll
   588 | D        | Killed a deep troll
   589 | D        | Reached skill level 10 in Spellcasting
   589 | D        | Reached skill level 13 in Fire Magic
   589 | D        | Reached XP level 9. HP: 51/51 MP: 13/23
   601 | D        | Found Lecaloobb's Armour Emporium.
   687 | D        | Noticed a centaur warrior
   689 | D        | Noticed a centaur warrior
   692 | D        | Killed a centaur warrior
   692 | D        | Shot with an arrow by a centaur warrior

Illustrated notes

Levels and vault maps discovered:
D:        dungeon_sprint_1 [red_sonja_temple_1, red_sonja_temple_small_1]

Skill      XL: |  1  2  3  4  5  6  7  8 |
---------------+-------------------------+-----
Stealth        | 3 4 5 6 7 |  7.1
Spellcasting   | 3 4 6 7 9 10 | 10.8
Fire Magic     | 5 7 9 10 12 13 | 13.3
Dodging        | 3 4 5 |  5.4
Unarmed Combat | 1 |  1.5
Hexes          | 1 2 3 |  3.1
Conjurations   | 2 3 4 |  4.2
Throwing       | |  0.6

Action                     |  1- 3 |  4- 6 |  7- 9 || total
---------------------------+-------+-------+-------++-------
  Melee: Unarmed           |     4 |       |       ||     4
         Tentacles         |     2 |       |       ||     2
         Constrict         |     1 |       |       ||     1
  Throw: Dart              |       |       |     3 ||     3
   Cast: Foxfire           |     3 |     1 |     4 ||     8
         Scorch            |     3 |     7 |    10 ||    20
         Inner Flame       |     1 |     1 |     3 ||     5
         Flame Wave        |       |     1 |       ||     1
  Evoke: Wand              |       |       |     1 ||     1
    Use: Potion            |     2 |       |       ||     2
  Dodge: Dodged            |     3 |     1 |     1 ||     5

Table legend: (Time is in decaauts)
 A = Elapsed time spent in this place.
 B = Non-inter-level travel time spent in this place.
 C = Inter-level travel time spent in this place.
 D = Time resting spent in this place.
 E = Time spent auto-exploring this place.
 F = Levels seen in this place.
 G = Mean time per level.
                   A        B        C        D        E       F      G
               +--------+--------+--------+--------+--------+-----+--------+
         Total |    696 |    696 |      0 |    372 |      0 |   1 |  696.0 |
       Dungeon |    696 |    696 |      0 |    372 |      0 |   1 |  696.0 |
               +--------+--------+--------+--------+--------+-----+--------+

Top non-repeatable levels by time:
       D: 696 daAuts
